 Dungeon Crawl Stone Soup version 0.23-a0-650-ga4d50d4 (webtiles) character file.

94 Borgoz the Cutter (level 4, 0/29 HPs)
             Began as a Kobold Berserker on Jan 2, 2019.
             Was a Believer of Trog.
             Succumbed to a kobold's poison
             ... on level 2 of the Dungeon.
             The game lasted 00:08:40 (1277 turns).

Borgoz the Cutter (Kobold Berserker)                Turns: 1277, Time: 00:08:41

Health: 0/29       AC:  2    Str: 19    XL:     4   Next: 94%
Magic:  4/4        EV: 16    Int:  8    God:    Trog [**....]
Gold:   63         SH:  0    Dex: 21    Spells: 3/3 levels left

rFire    x . .     SeeInvis .   a - +0 short sword
rCold    + . .     Gourm    .   (shield restricted)
rNeg     . . .     Faith    .   b - +0 animal skin
rPois    .         Spirit   .   (no helmet)
rElec    .         Reflect  .   (no cloak)
rCorr    .         Harm     .   (no gloves)
MR       .....                  (no boots)
Stlth    ++........             (no amulet)
HPRegen  0.09/turn              d - ring of ice
MPRegen  0.09/turn              j - +6 ring of dexterity

@: mighty, lethally poisoned (0 -> -1), berserk cooldown, slowed, very slow
A: small, carnivore
a: Berserk, Trog's Hand, Renounce Religion


You were on level 2 of the Dungeon.
You worshipped Trog.
Trog was pleased with you.
You were very full.

You visited 1 branch of the dungeon, and saw 3 of its levels.

You collected 63 gold pieces.

Inventory:

Hand Weapons
 a - a +0 short sword (weapon)
Missiles
 k - a throwing net (quivered)
Armour
 b - a +0 animal skin (worn)
Jewellery
 d - a ring of ice (left hand)
 j - a +6 ring of dexterity (right hand)
Scrolls
 f - a scroll of identify {unknown}
 h - a scroll of fear {unknown}
 i - a scroll of random uselessness {unknown}
 l - a scroll of fog {unknown}
 m - a scroll of enchant weapon {unknown}
Potions
 e - a potion of berserk rage
Comestibles
 c - 6 rations
 n - 3 chunks of flesh


   Skills:
 + Level 4.2 Fighting
 + Level 5.3 Short Blades
 + Level 1.9 Armour
 + Level 3.1 Dodging
 + Level 0.6 Stealth


You had 3 spell levels left.
You didn't know any spells.
Your spell library was empty.

Dungeon Overview and Level Annotations

Branches:
Dungeon (3/15)

Altars:


Innate Abilities, Weirdness & Mutations

You are small and have problems with some larger weapons.
You are carnivorous and can eat meat at any time.


Message History

You feel a strong urge to attack something.
You feel your anger nearly subside.
You are no longer berserk.
You are exhausted.
You feel yourself slow down.
* * * LOW HITPOINT WARNING * * *
You feel sick.
* * * LOW HITPOINT WARNING * * *
You feel sick.
* * * LOW HITPOINT WARNING * * *
You feel sick.
It was a potion of might.
You feel very mighty all of a sudden.
There is an open door here.
* * * LOW HITPOINT WARNING * * *
You feel sick.
* * * LOW HITPOINT WARNING * * *
You feel sick.
* * * LOW HITPOINT WARNING * * *
You feel sick.
You die...

#.#####..###### #.#.....
##.#.#.#.## #.#.#(.. #..#.†....#
######### #.#.#.## ##..#.#)#..#
#.......# #.#.#.# #...#####..#
#.......# #.#.#.## #..........#
#.......# #.#.#.## #...##.....#
#.......###.#.#.##
.........#######........(#...#.##
########........@........'......>
...#)#.#.#########.......########
..†.#.##.# #.......# # #.#..#.#.#
#.......# # #.##..##.# #.......#
# ...##..#.# #.......# #
.[..##.#.# ######### # ...##..#.#
# #.##..##.# #


There were no monsters in sight!

Vanquished Creatures
  Jessica (D:2)
  3 adders (D:2)
  A worm (D:2)
  A dart slug (D:1)
  A leopard gecko (D:2)
  8 bats
  2 giant cockroaches
  3 goblins
  5 hobgoblins
  A jackal (D:2)
  3 kobolds
  2 quokkas (D:2)
  2 frilled lizards
  5 rats
38 creatures vanquished.

Notes
Turn   | Place    | Note
-------+----------+-------------------------------------------
     0 | D:1      | Borgoz the Kobold Berserker began the quest for the Orb.
     0 | D:1      | Reached XP level 1. HP: 14/14 MP: 1/1
   103 | D:1      | Reached XP level 2. HP: 12/19 MP: 2/2
   349 | D:2      | Reached XP level 3. HP: 12/24 MP: 3/3
   361 | D:2      | Noticed Jessica
   372 | D:2      | Killed Jessica
   372 | D:2      | Reached skill level 5 in Short Blades
   372 | D:2      | Reached XP level 4. HP: 3/29 MP: 4/4
   920 | D:2      | Reached ** piety under Trog
  1271 | D:2      | HP: 1/29 [poisoned by a kobold]
  1277 | D:2      | Succumbed to a kobold's poison

Vault maps used:
D:1:      dpeg_arrival_tiny_k
D:2:      minmay_diamond_boxcup, first_ration, minmay_split_cup_small,
          uniq_jessica

Skill      XL: |  1  2  3  4 |
---------------+-------------+-----
Fighting       | 4 |  4.2
Short Blades   | 5 |  5.3
Dodging        | 3 |  3.1
Armour         | |  1.9
Stealth        | |  0.6

Action                   |  1- 3 |  4- 6 || total
-------------------------+-------+-------++-------
Melee: Short sword       |    63 |   110 ||   173
  Use: Potion            |       |     2 ||     2
 Stab: Sleeping          |       |     5 ||     5
  Eat: Chunk             |       |     9 ||     9
Armor: Animal skin       |     1 |    17 ||    18
Dodge: Dodged            |    47 |   107 ||   154

Table legend:
 A = Non-vault XP
 B = Vault XP
 C = Vault XP percentage of total XP
 D = Non-vault monster count
 E = Vault monster count
 F = Vault count percentage of total count
                 A         B        C        D         E       F
            +---------+---------+-------+---------+---------+-------
      Total |      73 |      62 |  45.9 |      29 |       9 |  23.7
            +---------+---------+-------+---------+---------+-------
        D:1 |      24 |       0 |   0.0 |      13 |       0 |   0.0
        D:2 |      48 |      62 |  56.4 |      15 |       9 |  37.5
        D:3 |       1 |       0 |   0.0 |       1 |       0 |   0.0
            +---------+---------+-------+---------+---------+-------
